 Dungeon Crawl Stone Soup version 0.21.1-1-g345015f (webtiles) character file.

1350 lydgate the Digger (level 8, 0/45 HPs)
             Began as a Gargoyle Earth Elementalist on Feb 13, 2018.
             Was a Follower of Vehumet.
             Slain by an orc warrior
             ... wielding a +0 flail
              (3 damage)
             ... on level 6 of the Dungeon.
             The game lasted 00:34:50 (6529 turns).

lydgate the Digger (Gargoyle Earth Elementalist)    Turns: 6529, Time: 00:34:50

Health: 0/45       AC:  8    Str: 12    XL:     8   Next: 63%
Magic:  3/15       EV: 11    Int: 18    God:    Vehumet [*.....]
Gold:   137        SH:  3    Dex: 10    Spells: 8/17 levels left

rFire    . . .     SeeInvis .   A - +7 club
rCold    . . .     Gourm    .   B - +0 buckler
rNeg     + . .     Faith    .   s - +0 robe
rPois    ∞         Spirit   .   k - +0 helmet
rElec    +         Reflect  .   (no cloak)
rCorr    .         Harm     .   (no gloves)
MR       .....                  (no boots)
Stlth    ++........             (no amulet)
HPRegen  0.15/turn              (no ring)
MPRegen  0.14/turn              (no ring)

@: no status effects
A: negative energy resistance 1, electricity resistance, unbreathing,
petrification resistance, rot immunity, AC +5
a: Renounce Religion


You were on level 6 of the Dungeon.
You worshipped Vehumet.
Vehumet was aware of your devotion.
You were near starving.

You visited 1 branch of the dungeon, and saw 6 of its levels.

You collected 307 gold pieces.
You spent 170 gold pieces at shops.

Inventory:

Hand Weapons
 A - a +7 club (weapon)
Missiles
 b - 88 stones (quivered)
Armour
 k - a +0 helmet (worn)
 q - a +0 robe
 s - a +0 robe (worn)
 B - a +0 buckler (worn)
Wands
 y - a wand of acid (6)
 z - a wand of iceblast (6)
Scrolls
 a - 2 scrolls of enchant armour
 c - 5 scrolls of remove curse
 f - a scroll of blinking {unknown}
 g - a scroll of enchant weapon {unknown}
 h - 11 scrolls of identify
 i - a scroll of noise {unknown}
 l - 3 scrolls of fear {unknown}
 m - 5 scrolls of teleportation {unknown}
 n - 3 scrolls of amnesia {unknown}
 o - a scroll of magic mapping {unknown}
 x - a scroll of immolation {unknown}
Potions
 j - 3 potions of lignification {unknown}
 p - 3 potions of curing
 r - 4 potions of might {unknown}
 t - a potion of heal wounds {unknown}
 u - 2 potions of agility {unknown}
 v - 3 potions of resistance {unknown}
 w - a potion of ambrosia {unknown}
Books
 e - a book of Geomancy

   Spells                             Type                      Level
   a - Sandblast                      Earth                        1
   b - Passwall                       Transmutation/Earth          2
   c - Stone Arrow                    Conjuration/Earth            3
   d - Petrify                        Transmutation/Earth          4
   e - Lee's Rapid Deconstruction     Earth                        5
Comestibles
 d - 10 rations


   Skills:
 + Level 2.5 Fighting
 + Level 2.2 Maces & Flails
 + Level 2.5 Armour
 + Level 2.5 Dodging
 - Level 2.1 Stealth
 + Level 5.1 Spellcasting
 + Level 4.5 Conjurations
   Level 0.7 Transmutations
 + Level 7.3 Earth Magic
 + Level 1.3 Evocations


You had 8 spell levels left.
You knew the following spells:

 Your Spells              Type           Power        Failure   Level  Hunger
a - Sandblast             Erth           ####..       1%          1    None
b - Stone Arrow           Conj/Erth      ####..       6%          3    ##.....
c - Lee's Rapid Deconstr  Erth           ####......   30%         5    ######.


Dungeon Overview and Level Annotations

Branches:
Dungeon (6/15)
 Temple: D:4-7

Altars:
Ashenzari
Fedhas
Makhleb
Qazlal
Trog
Vehumet
Xom
Zin

Shops:
D:4 }   D:6 (*


Innate Abilities, Weirdness & Mutations

You are resistant to torment.
Your stone body is resilient. (AC +5)
You are immune to poison.
You resist negative energy. (rN+)
You are resistant to electric shocks. (rElec)
You can survive without breathing.
You are immune to petrification.
You are immune to rotting.


Message History

Confirm with . or Enter, or press ? or * to list all spells.
Aiming: Sandblast
Press: ? - help, Shift-Dir - straight line, f/p - orc warrior
Aim: an orc warrior, wielding a flail and wearing a chain mail (almost dead)
The blast of sand hits the orc warrior.
The orc warrior is almost dead.
b - 89 stones The orc warrior hits you with a flail!!
* * * LOW HITPOINT WARNING * * *
Okay, then.
Casting: Sandblast
Confirm with . or Enter, or press ? or * to list all spells.
Aiming: Sandblast
Press: ? - help, Shift-Dir - straight line, f/p - orc warrior
Aim: an orc warrior, wielding a flail and wearing a chain mail (almost dead)
The blast of sand hits the orc warrior.
The orc warrior is almost dead.
b - 88 stones The orc warrior hits you with a flail.
You die...

###########.#####.# #......)....#
#.# [.... #...........# #.# .....
#...........# ##.# #.......
#...........####..#
#####........########.###....#...
#............ ####..#####.#...
....#........#####.PP...#....####
)..............o@PPPPP.^≈.≈......
...?#........#.##PP_....§§≈.#####
##....##.## #.##PPPP...≈≈≈§# #
#.#..##.# #Z###PP....≈#≈## #
#.#.....#####o#......)##### #
#.#........##.#............. #
..#........##.#.......#####. #
............##)####....# #
...........o∩.....∩....# #


You could see an orc warrior.

Vanquished Creatures
  Menkaure (D:5)
  A phantom (D:5)
  2 centaurs (D:5)
  3 ogres
  2 gnoll sergeants (D:6)
  A scorpion (D:4)
  A crimson imp (D:5)
  4 hounds
  3 orc wizards
  An orc priest (D:6)
  A centaur skeleton (D:5)
  Ijyb (D:5)
  2 worker ants (D:4)
  A hound skeleton (D:6)
  A howler monkey zombie (D:5)
  4 adders
  3 gnolls
  An adder skeleton (D:5)
  An adder zombie (D:5)
  3 worms
  2 dart slugs (D:1)
  2 leopard geckos
  11 orcs
  5 bats
  8 giant cockroaches
  9 hobgoblins
  6 jackals
  A quokka (D:2)
  3 ball pythons
  4 frilled lizards
  8 goblins
  11 kobolds
  7 rats
114 creatures vanquished.

Notes
Turn   | Place    | Note
-------+----------+-------------------------------------------
     0 | D:1      | lydgate the Gargoyle Earth Elementalist began the quest for the Orb.
     0 | D:1      | Reached XP level 1. HP: 10/10 MP: 3/3
   135 | D:1      | Reached skill level 4 in Earth Magic
   135 | D:1      | Reached XP level 2. HP: 13/15 MP: 0/5
   651 | D:1      | Reached XP level 3. HP: 17/19 MP: 4/6
   803 | D:1      | Found a glowing silver altar of Zin.
   805 | D:1      | Found a white marble altar of Elyvilon.
   805 | D:1      | Found an ornate altar of the Wu Jian Council.
   807 | D:1      | Found a burning altar of Makhleb.
   807 | D:1      | Found a burning altar of Makhleb.
   807 | D:1      | Found a shimmering altar of Xom.
   990 | D:2      | Learned a level 3 spell: Stone Arrow
  1726 | D:2      | Reached XP level 4. HP: 8/24 MP: 5/8
  2008 | D:2      | Found a burning altar of Makhleb.
  2008 | D:2      | Found a radiant altar of Vehumet.
  2032 | D:2      | Became a worshipper of Vehumet
  2432 | D:3      | Reached skill level 5 in Earth Magic
  2490 | D:3      | Reached skill level 1 in Conjurations
  2490 | D:3      | Reached XP level 5. HP: 21/28 MP: 0/10
  2561 | D:3      | Learned a level 5 spell: Lee's Rapid Deconstruction
  3623 | D:4      | Noticed an ogre
  3633 | D:4      | Killed an ogre
  3633 | D:4      | Reached XP level 6. HP: 32/32 MP: 5/11
  3937 | D:4      | Found Ulethrewn's Gadget Boutique.
  4086 | D:4      | Reached skill level 6 in Earth Magic
  4130 | D:4      | Reached * piety under Vehumet
  4130 | D:4      | Offered knowledge of Freeze by Vehumet.
  4466 | D:4      | Reached XP level 7. HP: 27/36 MP: 5/13
  4600 | D:5      | Entered Level 5 of the Dungeon
  4646 | D:5      | Noticed Menkaure
  4648 | D:5      | Killed Menkaure
  4821 | D:5      | Reached skill level 1 in Fighting
  4821 | D:5      | Reached skill level 1 in Armour
  4881 | D:5      | Found a bloodstained altar of Trog.
  4881 | D:5      | Found a glowing silver altar of Zin.
  4881 | D:5      | Found a shattered altar of Ashenzari.
  4915 | D:5      | Reached skill level 1 in Maces & Flails
  5310 | D:5      | Reached XP level 8. HP: 43/43 MP: 10/15
  5438 | D:5      | Noticed Ijyb
  5441 | D:5      | Killed Ijyb
  5506 | D:5      | Reached skill level 7 in Earth Magic
  5909 | D:6      | Reached skill level 5 in Spellcasting
  5992 | D:6      | Reached skill level 1 in Evocations
  6407 | D:6      | Found a stormy altar of Qazlal.
  6409 | D:6      | Found a blossoming altar of Fedhas.
  6421 | D:6      | Found Saezou's General Store.
  6427 | D:6      | Found Zuukk's Antique Weapon Shop.
  6429 | D:6      | Bought a scroll of identify for 22 gold pieces
  6429 | D:6      | Bought a scroll of enchant armour for 82 gold pieces
  6429 | D:6      | Bought 2 scrolls of remove curse for 66 gold pieces
  6529 | D:6      | Slain by an orc warrior

Skill      XL: |  1  2  3  4  5  6  7  8 |
---------------+-------------------------+-----
Earth Magic    | 4 5 6 7 |  7.3
Spellcasting   | 3 4 5 |  5.1
Conjurations   | 1 2 3 4 |  4.5
Fighting       | 1 2 |  2.5
Armour         | 1 2 |  2.5
Maces & Flails | 1 2 |  2.2
Dodging        | 2 |  2.5
Evocations     | 1 |  1.3
Stealth        | |  2.1
Transmutations | |  0.7

Action                   |  1- 3 |  4- 6 |  7- 9 || total
-------------------------+-------+-------+-------++-------
Melee: Club              |    23 |       |    24 ||    47
       Mace              |    75 |       |       ||    75
       Flail             |       |    12 |    26 ||    38
 Cast: Sandblast         |    27 |    39 |    34 ||   100
       Stone Arrow       |    10 |    27 |    29 ||    66
 Stab: Distracted        |     1 |       |       ||     1
  Eat: Chunk             |     4 |    11 |     7 ||    22
Armor: Robe              |    44 |     7 |    40 ||    91
Dodge: Dodged            |    88 |    26 |    61 ||   175
